 Dungeon Crawl Stone Soup version 0.20.1-1-g8b1a95d (webtiles) character file.

38628 Knicklaso the Geomancer (level 14, -8/84 HPs)
             Began as a Gargoyle Earth Elementalist on July 17, 2017.
             Was a High Priest of Vehumet.
             Mangled by a torpor snail (16 damage)
             ... on level 6 of the Lair of Beasts.
             The game lasted 02:27:48 (20465 turns).

Knicklaso the Geomancer (GrEE)                     Turns: 20465, Time: 02:27:48

Health: -8/84      AC: 14    Str: 16    XL:     14   Next: 3%
Magic:  0/26       EV: 15    Int: 32    God:    Vehumet [*****.]
Gold:   1036       SH:  0    Dex: 11    Spells: 4/30 levels left

rFire    . . .     SeeInvis +   E - +6 flail of Ufoujaek {crush, Stlth+}
rCold    . . .     Gourm    .   (no shield)
rNeg     + . .     Faith    .   P - +1 robe of Summertime {Regen+ Str+3 Int+4 Dex-5}
rPois    ∞         Spirit   +   (no helmet)
rElec    +         Reflect  .   (no cloak)
rCorr    .         Harm     .   Q - +0 pair of gloves
MR       +....                  (no boots)
Stlth    +++.......             I - amulet "Jinid" {Spirit Fragile Dex+6 SInv}
Regen    0.7/turn               q - ring of wizardry
MPRegen  0.2/turn               H - +3 ring of intelligence

@: brilliant, flying, slowed, very slow
A: big wings, negative energy resistance 1, electricity resistance, unbreathing,
petrification resistance, rot immunity, AC +9
a: Stop Flying, Renounce Religion


You were on level 6 of the Lair of Beasts.
You worshipped Vehumet.
Vehumet was extremely pleased with you.
You were not hungry.

You visited 3 branches of the dungeon, and saw 16 of its levels.

You collected 1036 gold pieces.

Inventory:

Hand Weapons
 E - the +6 flail of Ufoujaek (weapon) {crush, Stlth+}
   (You found it on level 6 of the Dungeon)

   It inflicts extra damage upon your enemies.
   It makes you more stealthy.
 X - the +4 long sword "Vaigan" {vamp, rPois rN+ Str+3, unknown}
   (You found it on level 6 of the Lair of Beasts)

   It inflicts no extra harm, but heals its wielder when it wounds a living foe.
   It affects your strength (+3).
   It protects you from poison.
   It protects you from negative energy.
Missiles
 b - 148 stones (quivered)
Armour
 a - +0 fire dragon scales
 C - a +0 buckler
 P - the +1 robe of Summertime (worn) {Regen+ Str+3 Int+4 Dex-5}
   (You found it on level 6 of the Lair of Beasts)

   It affects your strength (+3).
   It affects your intelligence (+4).
   It affects your dexterity (-5).
   It increases your rate of regeneration.
 Q - a +0 pair of gloves (worn)
 T - a +1 robe of cold resistance
 U - +0 ice dragon scales
Magical Staves
 f - an uncursed staff of fire
 D - an uncursed staff of conjuration
Jewellery
 i - an uncursed ring of positive energy
 k - an uncursed ring of stealth {unknown}
 q - a ring of wizardry (left hand)
 y - an uncursed ring of resist corrosion
 z - a +4 ring of strength
 H - a +3 ring of intelligence (right hand)
 I - the amulet "Jinid" (around neck) {Spirit Fragile Dex+6 SInv}
   (You found it on level 8 of the Dungeon)

   [amulet of guardian spirit]

   It causes incoming damage to be split between your health and magic.
   It affects your dexterity (+6).
   It lets you see invisible.
   It will be destroyed if unequipped.
 S - an uncursed ring of fire {unknown}
Wands
 n - a wand of flame (24/48)
 r - a wand of digging (13/24)
 s - a wand of paralysis (14/24)
 B - a wand of paralysis (6/24)
 G - a wand of digging (13/24)
 J - a wand of acid (0/15)
 L - a wand of flame (28/48)
 M - a wand of clouds (3/9)
 O - a wand of lightning (5/15)
Scrolls
 c - a scroll of acquirement {unknown}
 l - 8 scrolls of remove curse
 v - a scroll of vulnerability {unknown}
 w - 7 scrolls of identify
 x - 2 scrolls of recharging
 R - a scroll of enchant weapon
Potions
 h - a potion of agility {unknown}
 j - 3 potions of brilliance
 p - 3 potions of lignification
 t - a potion of might {unknown}
 F - a potion of ambrosia {unknown}
 K - a potion of flight
 N - a potion of resistance {unknown}
Books
 e - a book of Geomancy

   Spells                             Type                      Level
   a - Sandblast                      Earth                        1
   b - Passwall                       Transmutation/Earth          2
   c - Stone Arrow                    Conjuration/Earth            3
   d - Petrify                        Transmutation/Earth          4
   e - Lee's Rapid Deconstruction     Earth                        5
 u - a book of Flames

   Spells                             Type                      Level
   a - Flame Tongue                   Conjuration/Fire             1
   b - Throw Flame                    Conjuration/Fire             2
   c - Conjure Flame                  Conjuration/Fire             3
   d - Inner Flame                    Hexes/Fire                   3
   e - Sticky Flame                   Conjuration/Fire             4
   f - Fireball                       Conjuration/Fire             5
 A - a book of Cantrips

   Spells                             Type                      Level
   a - Confusing Touch                Hexes                        1
   b - Animate Skeleton               Necromancy                   1
   c - Summon Small Mammal            Summoning                    1
   d - Apportation                    Translocation                1
 V - a book of Spatial Translocations

   Spells                             Type                      Level
   a - Blink                          Translocation                2
   b - Shroud of Golubria             Charms/Translocation         2
   c - Lesser Beckoning               Translocation                3
   d - Gell's Gravitas                Translocation                3
   e - Teleport Other                 Translocation                3
   f - Passage of Golubria            Translocation                4
Miscellaneous
 Y - a crystal ball of energy
Comestibles
 d - 4 bread rations
 g - 8 meat rations
 m - 4 royal jellies
 o - 12 fruits
 W - 10 chunks of flesh


   Skills:
 + Level 8.8 Fighting
 + Level 8.5 Maces & Flails
 - Level 6.5 Armour
 + Level 7.0 Dodging
 - Level 2.1 Stealth
 - Level 4.0 Shields
 + Level 8.5 Spellcasting
 + Level 9.1 Conjurations
   Level 0.7 Transmutations
 + Level 5.3 Fire Magic
 + Level 11.2 Earth Magic
 + Level 7.2 Evocations


You had 4 spell levels left.
You knew the following spells:

 Your Spells              Type           Power        Failure   Level  Hunger
a - Sandblast             Erth           ######       1%          1    None
b - Stone Arrow           Conj/Erth      ######       1%          3    None
c - Lee's Rapid Deconstr  Erth           #######...   1%          5    ####...
d - Conjure Flame         Conj/Fire      ######..     1%          3    None
e - Bolt of Magma         Conj/Fire/Erth ######....   1%          5    ####...
f - Sticky Flame          Conj/Fire      ######..     1%          4    None
g - Fireball              Conj/Fire      ######....   1%          5    ####...


Dungeon Overview and Level Annotations

Branches:
Dungeon (9/15)             Temple (1/1) D:5            Lair (6/6) D:9
 Shoals (0/4) Lair:3       Spider (0/4) Lair:3        Slime (0/5) Lair:6
    Orc: D:9-12

Altars:
Ashenzari
Cheibriados
Dithmenos
Elyvilon
Fedhas
Gozag
Hepliaklqana
Kikubaaqudgha
Makhleb
Nemelex Xobeh
Okawaru
Qazlal
Ru
Sif Muna
Trog
Uskayaw
Vehumet
Xom
Yredelemnul
Zin
The Shining One

Annotations:
Lair:1 exclusion: 3 oklob plants


Innate Abilities, Weirdness & Mutations

You are resistant to torment.
Your stone body is resilient. (AC +9)
You are immune to poison.
Your large and strong wings let you fly indefinitely.
You resist negative energy. (rN+)
You are resistant to electric shocks. (rElec)
You can survive without breathing.
You are immune to petrification.
You are immune to rotting.


Message History

b - 149 stones The torpor snail completely misses you.
Casting: Sandblast
Confirm with . or Enter, or press ? or * to list all spells.
Aiming: Sandblast
Press: ? - help, Shift-Dir - straight line, f/p - torpor snail
Aim: a torpor snail (severely wounded)
The blast of sand hits the torpor snail.
The torpor snail is severely wounded.
b - 148 stones The torpor snail bites you!
* * * LOW HITPOINT WARNING * * *
Unknown command.
Casting: Sandblast
Confirm with . or Enter, or press ? or * to list all spells.
You don't have enough magic to cast that spell.
It was a potion of brilliance.
You feel clever all of a sudden. The torpor snail bites you!
You die...

#..#..#.....###....##..#
....P.##......###...##).
...... ##....P..###..###
......# ##...P....#####.
.....[. ##..........##..
..††...##.#....k....##..
................$.### #.
........w###.P..###
......%@.# #..###
..........#.###....
..........k.#..... #..#
........#..#.....##...
###$.##.###.P...##%..#
.#..##### #.P.##....#
#....#.## #.##....#
##....##.#####.##....#
####........#.#÷..PPP.P.##


You could see a torpor snail and a lindwurm.

Vanquished Creatures
  The ghost of Gaplan the Unseen, a journeyman OpAs of Gozag (Lair:2)
  A fire dragon (Lair:5)
  3 hydras
  An ice dragon (Lair:6)
  Pikel (D:7)
  An ugly thing (D:8)
  A wolf spider (Lair:6)
  5 black mambas
  A guardian serpent (Lair:6)
  A merfolk siren (Lair:3)
  14 spiny frogs
  3 komodo dragons
  3 rime drakes
  4 polar bears
  3 hornets (Lair:6)
  18 blink frogs
  7 dream sheep (Lair:6)
  8 hippogriffs
  Sigmund (D:6)
  5 redbacks (Lair:6)
  28 yaks
  9 wyverns (Lair:6)
  3 fire bats (Lair:1)
  3 basilisks
  A hungry ghost (D:8)
  15 porcupines
  18 water moccasins
  2 slaves (D:7)
  4 orc warriors
  2 phantoms
  3 sky beasts
  2 ice beasts (D:6)
  19 wolves
  An ogre (D:4)
  3 centaurs
  11 crocodiles
  A big kobold (D:7)
  A gnoll sergeant (D:6)
  13 bullfrogs
  6 scorpions
  3 killer bees (D:8)
  2 wights (D:9)
  5 howler monkeys
  3 electric eels (Lair:4)
  2 crimson imps
  2 quasits
  6 jellies
  A gnoll shaman (D:9)
  8 orc priests
  2 bullfrog skeletons
  4 hounds
  16 orc wizards
  2 iguanas (D:5)
  Ijyb (D:4)
  6 worker ants
  5 hell rats (Lair:6)
  A hound zombie (D:7)
  The ghost of letownia the Ruffian, a weakling VSFi (D:4)
  A hound skeleton (D:7)
  A howler monkey zombie (D:6)
  A howler monkey skeleton (D:7)
  A worker ant zombie (D:9)
  8 gnolls
  7 adders
  2 shadow imps
  2 oozes
  An adder skeleton (D:9)
  3 worms
  2 dart slugs
  3 leopard geckos
  41 orcs
  2 ball pythons
  12 bats
  8 giant cockroaches
  6 hobgoblins
  9 jackals
  6 kobolds
  3 quokkas
  A frilled lizard (D:1)
  8 goblins
  A leopard gecko skeleton (D:8)
  2 quokka skeletons
  8 rats
  A fungus (Lair:1)
  5 plants
442 creatures vanquished.

Vanquished Creatures (others)
  A slave (D:7)
  An orc (D:7)
  A goblin (D:2)
  32 fungi
  22 plants
  13 toadstools (Lair:1)
  4 withered plants (D:6)
74 creatures vanquished.

Grand Total: 516 creatures vanquished

Notes
Turn   | Place    | Note
-------+----------+-------------------------------------------
     0 | D:1      | Knicklaso the Gargoyle Earth Elementalist began the quest for the Orb.
     0 | D:1      | Reached XP level 1. HP: 10/10 MP: 3/3
   236 | D:1      | Reached skill level 4 in Earth Magic
   236 | D:1      | Reached XP level 2. HP: 15/15 MP: 3/5
   572 | D:2      | Reached XP level 3. HP: 8/19 MP: 7/7
   952 | D:2      | Found a stormy altar of Qazlal.
   965 | D:2      | Reached skill level 5 in Earth Magic
   965 | D:2      | Reached XP level 4. HP: 24/24 MP: 6/8
   996 | D:2      | Learned a level 3 spell: Stone Arrow
  1102 | D:2      | Found a basalt altar of Yredelemnul.
  1847 | D:3      | Found a bloodstained altar of Trog.
  1848 | D:3      | Found an iron altar of Okawaru.
  1851 | D:3      | Reached skill level 1 in Conjurations
  1851 | D:3      | Reached XP level 5. HP: 27/28 MP: 6/10
  2165 | D:3      | Found a burning altar of Makhleb.
  2424 | D:4      | Reached XP level 6. HP: 24/32 MP: 8/11
  2661 | D:4      | Noticed Ijyb
  2715 | D:4      | Killed Ijyb
  3079 | D:4      | Learned a level 5 spell: Lee's Rapid Deconstruction
  3118 | D:4      | Noticed letownia's ghost (weakling VSFi)
  3148 | D:4      | Reached skill level 6 in Earth Magic
  3239 | D:4      | Killed letownia's ghost
  3460 | D:5      | Entered Level 5 of the Dungeon
  3497 | D:5      | Found a staircase to the Ecumenical Temple.
  3535 | D:4      | Reached XP level 7. HP: 28/36 MP: 8/13
  3617 | D:5      | Got a scorched helmet
  3623 | D:5      | Identified the +2 helmet of Reram {rElec Str+3 Dex+2 Slay-6} (You found it on level 5 of the Dungeon)
  4119 | Temple   | Entered the Ecumenical Temple
  4163 | Temple   | Became a worshipper of Vehumet
  4233 | D:5      | Found a sparkling altar of Nemelex Xobeh.
  4503 | D:5      | Reached skill level 7 in Earth Magic
  4715 | D:5      | Reached skill level 5 in Spellcasting
  4989 | D:6      | Reached XP level 8. HP: 34/41 MP: 8/15
  5069 | D:6      | Reached skill level 5 in Conjurations
  5689 | D:6      | Reached * piety under Vehumet
  5689 | D:6      | Offered knowledge of Sting by Vehumet.
  5906 | D:6      | Reached skill level 8 in Earth Magic
  6101 | D:6      | Found an ancient bone altar of Kikubaaqudgha.
  6128 | D:6      | Noticed Sigmund
  6533 | D:6      | Got a polished flail
  6534 | D:6      | Identified the +6 flail of Ufoujaek {crush, Stlth+} (You found it on level 6 of the Dungeon)
  6577 | D:6      | Found a shadowy altar of Dithmenos.
  6596 | D:6      | Found a sparkling altar of Nemelex Xobeh.
  6606 | D:6      | Found a hazy altar of Hepliaklqana.
  6638 | D:6      | Reached skill level 1 in Fighting
  6638 | D:6      | Reached skill level 1 in Maces & Flails
  6638 | D:6      | Reached skill level 1 in Evocations
  6638 | D:6      | Reached XP level 9. HP: 39/47 MP: 14/18
  6855 | D:6      | Found an opulent altar of Gozag.
  7063 | D:7      | Offered knowledge of Freeze by Vehumet.
  7067 | D:7      | Reached ** piety under Vehumet
  7225 | D:7      | Noticed Pikel
  7322 | D:7      | Killed Pikel
  7761 | D:8      | Got a fine amethyst amulet
  7819 | D:8      | Identified the amulet "Jinid" {Spirit Fragile Dex+6 SInv} (You found it on level 8 of the Dungeon)
  8353 | D:8      | Noticed a purple ugly thing
  8392 | D:8      | Reached XP level 10. HP: 58/58 MP: 5/19
  8413 | D:8      | Reached skill level 5 in Fighting
  9027 | D:8      | Killed a purple ugly thing
  9293 | D:8      | Offered knowledge of Inner Flame by Vehumet.
  9772 | D:9      | Reached skill level 5 in Maces & Flails
  9815 | D:9      | Reached *** piety under Vehumet
 10029 | D:9      | Found a white marble altar of Elyvilon.
 10035 | D:9      | Reached skill level 1 in Armour
 10082 | D:9      | Reached skill level 5 in Dodging
 10138 | D:9      | Found a staircase to the Lair.
 10533 | D:7      | Offered knowledge of Conjure Flame by Vehumet.
 10533 | D:7      | Reached skill level 9 in Earth Magic
 10538 | D:7      | Learned a level 3 spell: Conjure Flame
 10928 | D:6      | Killed Sigmund
 11079 | D:9      | Reached XP level 11. HP: 27/64 MP: 4/21
 11264 | D:9      | Reached skill level 5 in Evocations
 11314 | Lair:1   | Entered Level 1 of the Lair of Beasts
 11563 | Lair:1   | Reached **** piety under Vehumet
 11743 | Lair:1   | Offered knowledge of Bolt of Magma by Vehumet.
 11750 | Lair:1   | Learned a level 5 spell: Bolt of Magma
 11755 | Lair:1   | Learned a level 4 spell: Sticky Flame
 12186 | Lair:1   | Found a blossoming altar of Fedhas.
 12197 | Lair:1   | Noticed an oklob plant
 12252 | Lair:1   | HP: 3/66 [acid (5)]
 12720 | Lair:1   | Noticed an oklob plant
 12720 | Lair:1   | Noticed an oklob plant
 13218 | Lair:2   | Reached skill level 1 in Fire Magic
 13263 | Lair:2   | Noticed Gaplan's ghost (journeyman OpAs)
 13627 | Lair:2   | Killed Gaplan's ghost
 13893 | Lair:2   | Noticed a five-headed hydra
 13910 | Lair:2   | Killed a five-headed hydra
 14107 | Lair:2   | Reached XP level 12. HP: 72/72 MP: 11/22
 14693 | Lair:3   | Reached skill level 10 in Earth Magic
 15012 | Lair:3   | Found a staircase to the Shoals.
 15070 | Lair:3   | Found a hole to the Spider Nest.
 16275 | Lair:4   | Noticed an eight-headed hydra
 16295 | Lair:4   | Killed an eight-headed hydra
 16295 | Lair:4   | Reached skill level 5 in Armour
 16295 | Lair:4   | Reached skill level 1 in Shields
 16812 | Lair:5   | Noticed a seven-headed hydra
 16833 | Lair:5   | Reached ***** piety under Vehumet
 17056 | Lair:5   | Killed a seven-headed hydra
 17056 | Lair:5   | Offered knowledge of Freezing Cloud by Vehumet.
 17920 | Lair:5   | Reached XP level 13. HP: 78/78 MP: 17/25
 17927 | Lair:5   | Learned a level 5 spell: Fireball
 18153 | Lair:5   | Noticed a fire dragon
 18179 | Lair:5   | Killed a fire dragon
 18567 | Lair:6   | Entered Level 6 of the Lair of Beasts
 18600 | Lair:6   | Found an ancient bone altar of Kikubaaqudgha.
 19356 | Lair:6   | Found a staircase to the Slime Pits.
 19366 | Lair:6   | Reached skill level 11 in Earth Magic
 19386 | Lair:6   | Got a faintly glowing robe
 19442 | Lair:6   | Identified the +1 robe of Summertime {Regen+ Str+3 Int+4 Dex-5} (You found it on level 6 of the Lair of Beasts)
 19526 | Lair:6   | Reached skill level 5 in Fire Magic
 20029 | Lair:6   | Noticed an ice dragon
 20044 | Lair:6   | Killed an ice dragon
 20360 | Lair:6   | Got a slimy long sword
 20428 | Lair:6   | Gained mutation: Your large and strong wings let you fly indefinitely. [Gargoyle growth]
 20428 | Lair:6   | Reached XP level 14. HP: 84/84 MP: 15/26
 20429 | Lair:6   | Offered knowledge of Bolt of Fire by Vehumet.
 20465 | Lair:6   | Mangled by a torpor snail

Skill      XL: |  1  2  3  4  5  6  7  8  9 10 11 12 13 |
---------------+----------------------------------------+-----
Earth Magic    | 4 5 6 7 8 9 10 11 | 11.2
Spellcasting   | 3 4 5 6 7 8 |  8.5
Conjurations   | 1 2 3 4 6 7 8 9 |  9.1
Fighting       | 1 4 6 7 8 |  8.8
Maces & Flails | 1 3 5 6 7 8 |  8.5
Evocations     | 1 3 4 5 6 7 |  7.2
Dodging        | 3 5 6 7 |  7.0
Armour         | 2 4 5 6 |  6.5
Fire Magic     | 2 4 5 |  5.3
Shields        | 2 4 |  4.0
Stealth        | |  2.1
Transmutations | |  0.7

Action                   |  1- 3 |  4- 6 |  7- 9 | 10-12 | 13-15 || total
-------------------------+-------+-------+-------+-------+-------++-------
Melee: Club              |    14 |       |       |       |       ||    14
       Mace              |    54 |   125 |    54 |       |       ||   233
       Flail             |       |       |    72 |   284 |    49 ||   405
 Cast: Sandblast         |    22 |    75 |    51 |    69 |    89 ||   306
       Stone Arrow       |       |       |    96 |   140 |    61 ||   297
       Lee's Rapid Decon |       |       |     2 |    35 |    12 ||    49
       Conjure Flame     |       |       |       |     5 |     5 ||    10
       Bolt of Magma     |       |       |       |    10 |    15 ||    25
       Sticky Flame      |       |       |       |     2 |     2 ||     4
       Fireball          |       |       |       |       |     9 ||     9
 Abil: Fly               |       |       |       |       |     1 ||     1
Evoke: Wand              |       |       |       |     8 |     8 ||    16
  Use: Scroll            |       |     2 |     3 |    15 |     1 ||    21
       Potion            |       |       |     4 |     8 |     4 ||    16
 Stab: Sleeping          |     2 |     2 |     3 |     1 |       ||     8
  Eat: Chunk             |       |     9 |    13 |    14 |    15 ||    51
       Bread ration      |       |       |     2 |     6 |       ||     8
Armor: Robe              |    36 |    55 |    68 |    94 |    54 ||   307
       Skin              |       |    16 |       |       |       ||    16
Dodge: Dodged            |    63 |   112 |   121 |   201 |   108 ||   605
